 Dungeon Crawl Stone Soup version 0.28.0-47-ge53b351184 (webtiles) character file.

Game seed: 7540909387604462424

417 Gabide the Grave Robber (level 6, -4/47 HPs)
             Began as a Mummy Necromancer on May 2, 2022.
             Was a Believer of Qazlal.
             Slain by a wight
             ... wielding a +5 battleaxe
              (14 damage)
             ... on level 6 of the Dungeon.
             The game lasted 00:11:53 (4293 turns).

Gabide the Grave Robber (Mummy Necromancer)         Turns: 4293, Time: 00:11:54

Health: -4/47      AC: 15    Str: 12    XL:     6   Next: 61%
Magic:  31/31      EV: 12    Int: 23    God:    Qazlal [**....]
Gold:   111        SH:  2    Dex: 12    Spells: 10/14 levels left

rFire   x . .      SeeInvis .   m - +2 scimitar of the Briny Deep {protect, Contam MP+9 Int+7}
rCold   + . .      Faith    .   (no shield)
rNeg    + + +      Spirit   .   a - +2 robe
rPois   ∞          Reflect  .   c - +2 hat
rElec   .          Harm     .   e - +0 cloak
rCorr   .          Rampage  .   i - +0 pair of gloves
Will    .....                   (no boots)
Stlth   +.........              (no amulet)
HPRegen 0.15/turn               d - ring of flight
MPRegen 0.22/turn               h - ring of magical power

@: under a protective aura, flying
A: cold resistance 1, negative energy resistance 3, torment resistance 2, heat
vulnerability 1, no potions
a: Renounce Religion, Upheaval


You were on level 6 of the Dungeon.
You worshipped Qazlal.
Qazlal was pleased with you.
You visited 1 branch of the dungeon, and saw 5 of its levels.

You collected 111 gold pieces.

Inventory:

Hand Weapons
 b - a +1 short sword of protection
 f - the +5 mace of Emumm {vorpal, rC+ rN+ Dex-5 Stlth+}
   (You found it on level 3 of the Dungeon)

   It inflicts extra damage upon your enemies.
   Dex:       It affects your dexterity (-5).
   rC:        It protects you from cold.
   rN:        It protects you from negative energy.
   Stlth:     It makes you more stealthy.
 g - a +0 spear of venom
 m - the +2 scimitar of the Briny Deep (weapon) {protect, Contam MP+9 Int+7}
   (You found it on level 6 of the Dungeon)

   It grants its wielder temporary protection when it strikes (+7 to AC).
   Int:       It affects your intelligence (+7).
   MP:        It affects your magic capacity (+9).
   Contam:    It causes magical contamination when unequipped.
Armour
 a - a +2 robe (worn)
 c - a +2 hat (worn)
 e - a +0 cloak (worn)
 i - a +0 pair of gloves (worn)
Jewellery
 d - a ring of flight (left hand)
 h - a ring of magical power (right hand)
Wands
 l - a wand of paralysis (8)
Scrolls
 j - 3 scrolls of enchant armour
 k - a scroll of identify


   Skills:
 * Level 3.2 Fighting
 + Level 2.5 Dodging
 - Level 1.5 Stealth
 * Level 4.8 Spellcasting
 * Level 5.2 Necromancy
 + Level 1.7 Invocations


You had 10 spell levels left.
You knew the following spells:

 Your Spells              Type           Power      Damage    Failure   Level
a - Pain                  Necr           100%       1d9       1%          1
b - Vampiric Draining     Necr           29%        2d8       3%          3

Your spell library contained the following spells:

 Spells                   Type           Power      Damage    Failure   Level
 Animate Skeleton         Necr           58%        N/A       1%          1
 Animate Dead             Necr           14%        N/A       11%         4
 Agony                    Necr           29%        N/A       30%         5


Dungeon Overview and Level Annotations

Branches:
Dungeon (4/15)
 Temple: D:4-7

Altars:
Dithmenos
Kikubaaqudgha
Nemelex Xobeh
Qazlal

Shops:
D:2 =   D:3 :([


Innate Abilities, Weirdness & Mutations

You are immune to poison.
Your flesh is cold resistant. (rC+)
You are immune to negative energy. (rN+++)
You are immune to unholy pain and torment.
You are vulnerable to heat. (rF-)
You do not drink.


Message History

* * * LOW HITPOINT WARNING * * *
Press: ? - help, v - describe, . - travel
Here: a wight, wielding a +3 morningstar and wearing a +0 robe The floor.
Unknown command.
As you read the scroll labelled LODUUPH CAUBU, it crumbles to dust.
It is a scroll of identify.
You don't have any unidentified items.
The wight misses you.
You see here a bullfrog corpse.
Things that are here:
a +2 hand axe; a +0 robe
Casting: Vampiric Draining (dangerous; 3% risk of failure)
Confirm with . or Enter, or press ? or * to list all spells.
Okay, then.
Unknown command.
Unknown command.
Aiming: Upheaval
Press: ? - help, Dir - move target, f - wight
Aim: a wight, wielding a +5 battleaxe and wearing a +2 robe of cold resistance (almost destroyed)
The ground shakes violently, spewing rubble!
The blast of rubble hits the wight but does no damage.
The wight is almost destroyed.
The wight hits you with a +3 morningstar.
* * * LOW HITPOINT WARNING * * *
Found an ancient bone altar of Kikubaaqudgha.
Found 4 stones.
There is an ancient bone altar of Kikubaaqudgha here.
Aiming: Paralyse
Press: ? - help, Shift-Dir - straight line, p - wight The wight resists with some effort.
You block the wight's attack.
Aiming: Paralyse
Press: ? - help, Shift-Dir - straight line, f - wight
Aim: a wight, wielding a +5 battleaxe and wearing a +2 robe of cold resistance (severely damaged, chance to affect: 49%)
The wight suddenly stops moving!
You hit the wight but do no damage.
Your weapon exudes an aura of protection.
The wight is severely damaged.
The wight closely misses you. The wight hits you with a +5 battleaxe!
You die...

######### .......##+##
#.........##.#
#.........##.#
#########......☼...#.#
...............z@..#.#
...............z.....#
♣.................#..#
♣..............:..#..#
...#..............##.#
♣..#..........######.#
♣.............######.#
.................)†.>#
.#####################


You could see 2 wights.

Vanquished Creatures
  Sigmund (D:3)
  A bullfrog (D:6)
  A wight (D:6)
  A centaur skeleton (D:4)
  Crazy Yiuf (D:3)
  2 adders (D:4)
  An ufetubus (D:4)
  An adder skeleton (D:4)
  4 dart slugs
  5 bats
  3 endoplasms
  5 goblins
  6 hobgoblins
  2 jackals (D:3)
  13 kobolds
  2 quokkas
  5 ball pythons
  4 frilled lizards
  5 rats
63 creatures vanquished.

Vanquished Creatures (others)
  16 fungi (D:4)
16 creatures vanquished.

Grand Total: 79 creatures vanquished

Notes
Turn   | Place    | Note
-------+----------+-------------------------------------------
     0 | D:1      | Gabide the Mummy Necromancer began the quest for the Orb.
     0 | D:1      | Reached XP level 1. HP: 13/13 MP: 4/4
   584 | D:1      | Reached XP level 2. HP: 20/20 MP: 3/5
   678 | D:1      | Found a faded altar of an unknown god.
  1127 | D:1      | Reached skill level 1 in Fighting
  1541 | D:1      | Prayed at the altar of an unknown god.
  1541 | D:1      | Became a worshipper of Qazlal Stormbringer
  1541 | D:1      | Reached * piety under Qazlal
  1638 | D:2      | Reached XP level 3. HP: 24/26 MP: 2/7
  1741 | D:2      | Found Suaf's Jewellery Emporium.
  2934 | D:3      | Found Sihoew's Book Shop.
  2964 | D:3      | Noticed Sigmund
  2986 | D:3      | Killed Sigmund
  2987 | D:3      | Reached skill level 1 in Invocations
  2987 | D:3      | Reached XP level 4. HP: 3/34 MP: 0/10
  2987 | D:3      | Reached XP level 5. HP: 4/39 MP: 0/11
  3366 | D:3      | Found Fimyr's Weapon Shop.
  3484 | D:3      | Found Rekivy's Armour Shop.
  3627 | D:3      | Found a runed translucent door.
  3628 | D:3      | Noticed Crazy Yiuf
  3639 | D:3      | Learned a level 3 spell: Vampiric Draining
  3642 | D:3      | Killed Crazy Yiuf
  3652 | D:3      | Identified the +5 mace of Emumm {vorpal, rC+ rN+ Dex-5
                  | Stlth+}
  3871 | D:4      | Reached skill level 5 in Necromancy
  3871 | D:4      | Reached XP level 6. HP: 43/46 MP: 12/12
  3985 | D:4      | Reached ** piety under Qazlal
  4057 | D:4      | Found a sparkling altar of Nemelex Xobeh.
  4095 | D:4      | Found a shadowy altar of Dithmenos.
  4163 | D:4      | You are sucked into a shaft and drop 2 floors!
  4179 | D:6      | Identified the +2 scimitar of the Briny Deep {protect,
                  | Contam MP+9 Int+7}
  4231 | D:6      | HP: 2/47 [wight/+5 battleaxe (10)]
  4241 | D:6      | HP: 2/47 [wight/+3 morningstar (1)]
  4252 | D:6      | Found an ancient bone altar of Kikubaaqudgha.
  4293 | D:6      | Slain by a wight

Illustrated notes

Levels and vault maps discovered:
D:1:      lightli_arrival_windingriver, layout_basic,
          shapermc_ecumenical_altar_acropolis
D:2:      layout_basic, serial_shops, nicolae_shop_behind_doors
D:3:      layout_loops_ring, serial_shops, shop,
          nicolae_shop_bloodbath_and_beyond, nicolae_shop_stone,
          nicolae_figureground_sparkle, uniq_sigmund, uniq_crazy_yiuf_cottage
D:4:      layout_basic, mainiacjoe_overflow_catch_the_wave, st_stairs_12,
          roderic_lattice_a, chequers_serial_rivers_large_a,
          columned_hall_lemuel
D:6:      layout_basic, mainiacjoe_overflow_small_starburst, tso_altar,
          nicolae_wooded_promenade

Skill      XL: |  1  2  3  4  5  6 |
---------------+-------------------+-----
Spellcasting   | 3 4 |  4.8
Fighting       | 1 2 3 |  3.2
Dodging        | 2 |  2.5
Invocations    | 1 |  1.7
Necromancy     | 5 |  5.2
Stealth        | |  1.5

Action                   |  1- 3 |  4- 6 || total
-------------------------+-------+-------++-------
Melee: Unarmed           |    14 |       ||    14
       Short sword       |    15 |       ||    15
       Punch             |     1 |       ||     1
       Mace              |       |    21 ||    21
       Scimitar          |       |     7 ||     7
 Cast: Pain              |   102 |    22 ||   124
       Vampiric Draining |       |     6 ||     6
Invok: Upheaval          |       |     1 ||     1
Evoke: Wand              |       |     2 ||     2
  Use: Scroll            |       |     5 ||     5
Armor: Robe              |    10 |    13 ||    23
Dodge: Dodged            |    36 |    41 ||    77
Block: Other             |     1 |     6 ||     7
